 Dungeon Sprint DCSS version 0.30-a0-6-g7c9e10e132 (webtiles) character file.

Game seed: 11569818365933827245

1264 mhtbhm the Unseen (level 8, -11/37 (42) HPs)
             Began as a Spriggan Brigand on Aug 22, 2022.
             Was a Believer of Dithmenos.
             Killed from afar by Josephine (18 damage)
             ... with a ghostly fireball
             ... in the Dungeon (Sprint III: "The Ten Rune Challenge").
             The game lasted 00:02:34 (703 turns).

mhtbhm the Unseen (Spriggan Brigand)                 Turns: 703, Time: 00:02:34

HP:   -11/37 (42)   AC:  3    Str:  7    XL:     8   Next: 27%
MP:   13/13         EV: 21    Int: 12    God:    Dithmenos [**....]
Gold: 66            SH:  0    Dex: 19    Spells: 7/7 levels left

rFire   . . .      SeeInvis +    a - +2 dagger (elec)
rCold   . . .      Faith    .    (no shield)
rNeg    . . .      Spirit   .    b - +0 robe
rPois   .          Reflect  .    (helmet restricted)
rElec   .          Harm     .    c - +0 cloak
rCorr   .          Rampage  .    (gloves unavailable)
Will    +....      NoTele   +    (boots unavailable)
Stlth   ++++++++++               (no amulet)
HPRegen 0.12/turn                (no ring)
MPRegen 0.13/turn                (no ring)

@: wreathed by umbra, heavily drained, very quick
A: very small, no large weapons, unfitting armour, see invisible, speed 3
a: Renounce Religion, Shadow Step


You were in the Dungeon.
You worshipped Dithmenos.
Dithmenos was pleased with you.
You visited 1 branch You collected 66 gold pieces.

Inventory:

Hand Weapons
 a - a +2 dagger of electrocution (weapon)
Missiles
 d - 5 poisoned darts (quivered)
Armour
 b - a +0 robe (worn)
 c - a +0 cloak (worn)
Scrolls
 k - a scroll of blinking
 l - a scroll of magic mapping {unknown}
 m - a scroll of torment {unknown}
 n - a scroll of identify {unknown}
 q - a scroll of immolation {unknown}
 r - 2 scrolls of fog {unknown}
Potions
 f - 2 potions of curing
 h - a potion of haste
 i - 2 potions of magic
 o - a potion of brilliance {unknown}
 p - 5 potions of mutation
 s - 2 potions of flight
Miscellaneous
 j - a lightning rod (2/4)


   Skills:
 + Level 4.9 Fighting
 + Level 5.8 Short Blades
 + Level 7.1 Throwing
 + Level 6.0 Dodging
 + Level 20.4 Stealth
 * Level 6.0 Invocations


You had 7 spell levels left.
You didn't know any spells.
Your spell library contained the following spells:

 Spells                   Type           Power      Damage    Failure   Level
 Dispersal                Tloc           0%         N/A       100%        6
 Disjunction              Tloc           0%         N/A       100%        8


Dungeon Overview and Level Annotations

Branches:
Dungeon (1/1)

Altars:
Cheibriados
Dithmenos
Elyvilon
Fedhas
Gozag
Hepliaklqana
Kikubaaqudgha
Makhleb
Nemelex Xobeh
Okawaru
Qazlal
Ru
Sif Muna
Trog
Uskayaw
Vehumet
Wu Jian
Xom
Yredelemnul
Zin
The Shining One
Jiyva
Lugonu

Annotations:
D Josephine


Innate Abilities, Weirdness & Mutations

You are very small and have problems with some larger weapons.
You are too small for most types of armour.
You have supernaturally acute eyesight. (SInv)
You cover ground extremely quickly. (Speed+++)


Message History

Josephine splashes around in the water.
You hit Josephine but do no damage.
Josephine is moderately wounded.
You hit Josephine but do no damage.
Josephine is moderately wounded.
Josephine barely misses you.
You hit Josephine. Lightning courses through Josephine!
Josephine is heavily wounded.
Josephine draws life force from you!!
Ouch! That really hurt!
* * * LOW HITPOINT WARNING * * *
Josephine is healed by the life force!
You completely miss Josephine.
Josephine is moderately wounded.
You hit Josephine but do no damage.
Josephine is moderately wounded.
Josephine completely misses you.
You feel much better.
Josephine gestures at you while chanting.
The ghostly flame explodes!
The ghostly fireball engulfs you!!
You feel drained.
Ouch! That really hurt!
* * * LOW HITPOINT WARNING * * *
The ghostly fireball engulfs Josephine.
Josephine completely resists.
Aiming: Thunderbolt
Press: ? - help, Shift-Dir - straight line, f/p - Josephine
Aim: Josephine, wielding a +0 dagger and wearing a +2 robe of cold resistance (moderately wounded, poisoned)
The thunderbolt hits Josephine!
Josephine is heavily wounded.
Unknown command.
Unknown command.
Aiming: Thunderbolt
Press: ? - help, Shift-Dir - straight line, f/p - Josephine
Aim: Josephine, wielding a +0 dagger and wearing a +2 robe of cold resistance (heavily wounded, poisoned)
The thunderbolt hits Josephine!
Josephine is severely wounded.
Josephine points at you and mumbles some strange words.
The ghostly flame explodes!
The ghostly fireball engulfs you!!
You feel drained.
You die...

##..#___#___#__#
.#..#)..#__)#._#
.#..###'#'###'##
'#..#..........#
#...'.⌠........#
#...#...######'#
..†.#.⌠.#__#...#+#####
....#...#__#...#..~@~+
....#)###__#...#@#§§§#
.)..#)..#__#...'.#§§§#
....#___#__'...#.#..§#
▓▓▓▓▓▓▓▓▓▓▓▓▓▓▓▓▓▓▓▓▓▓


You could see Josephine (poisoned).

Vanquished Creatures
  A deep elf pyromancer (D)
  A shadow (D)
  A spatial vortex (D)
  A necrophage (D)
  A water elemental (D)
  A jelly (D)
  Crazy Yiuf (D)
  A wizard (D)
  Jessica (D)
  A necromancer (D)
  3 humans (D)
  A kobold demonologist (D)
  An endoplasm (D)
  A rat (D)
16 creatures vanquished.

Notes
Turn   | Place    | Note
-------+----------+-------------------------------------------
     0 | D        | mhtbhm the Spriggan Brigand began the quest for the Orb.
     0 | D        | Reached XP level 1. HP: 10/10 MP: 2/2
    10 | D        | Reached skill level 6 in Stealth
    51 | D        | Noticed Jessica
    52 | D        | Killed Jessica
    53 | D        | Reached skill level 9 in Stealth
    53 | D        | Reached XP level 2. HP: 15/15 MP: 3/3
    73 | D        | Noticed Crazy Yiuf
    76 | D        | Killed Crazy Yiuf
    77 | D        | Reached skill level 11 in Stealth
    77 | D        | Reached XP level 3. HP: 19/19 MP: 4/4
   111 | D        | Reached XP level 4. HP: 11/23 MP: 5/5
   281 | D        | Noticed a water elemental
   283 | D        | Killed a water elemental
   284 | D        | Reached skill level 13 in Stealth
   293 | D        | Found a shadowy altar of Dithmenos.
   293 | D        | Noticed a necrophage
   294 | D        | Found a basalt altar of Yredelemnul.
   294 | D        | Found a sacrificial altar of Ru.
   296 | D        | Reached skill level 14 in Stealth
   296 | D        | Reached XP level 5. HP: 28/28 MP: 6/6
   297 | D        | Reached skill level 15 in Stealth
   313 | D        | Became a worshipper of Dithmenos the Shadowed
   326 | D        | Found a radiant altar of Vehumet.
   327 | D        | Found a shimmering blue altar of Sif Muna.
   327 | D        | Found an ancient bone altar of Kikubaaqudgha.
   336 | D        | Reached skill level 1 in Invocations
   336 | D        | Reached XP level 6. HP: 23/32 MP: 6/8
   428 | D        | Found a glowing silver altar of Zin.
   429 | D        | Found a glowing golden altar of the Shining One.
   429 | D        | Found a white marble altar of Elyvilon.
   429 | D        | Noticed a deep elf pyromancer
   431 | D        | Killed a deep elf pyromancer
   431 | D        | Reached * piety under Dithmenos
   432 | D        | Reached skill level 5 in Short Blades
   432 | D        | Reached skill level 5 in Dodging
   432 | D        | Reached skill level 18 in Stealth
   432 | D        | Reached XP level 7. HP: 38/38 MP: 8/11
   441 | D        | Found a hide-covered altar of Uskayaw.
   441 | D        | Found an iron altar of Okawaru.
   442 | D        | Found a bloodstained altar of Trog.
   442 | D        | Found an ornate altar of the Wu Jian Council.
   442 | D        | Noticed a human
   442 | D        | Noticed a human
   465 | D        | Killed a human
   466 | D        | Reached skill level 19 in Stealth
   466 | D        | Reached skill level 5 in Invocations
   486 | D        | Killed a human
   575 | D        | Noticed a shadow
   584 | D        | Killed a shadow
   584 | D        | Reached ** piety under Dithmenos
   585 | D        | Reached skill level 20 in Stealth
   585 | D        | Reached XP level 8. HP: 42/42 MP: 13/13
   659 | D        | Found a blossoming altar of Fedhas.
   659 | D        | Found a stormy altar of Qazlal.
   659 | D        | Found a snail-covered altar of Cheibriados.
   659 | D        | Found a burning altar of Makhleb.
   659 | D        | Found a shimmering altar of Xom.
   660 | D        | Found a hazy altar of Hepliaklqana.
   660 | D        | Found an opulent altar of Gozag.
   660 | D        | Found a sparkling altar of Nemelex Xobeh.
   660 | D        | Found a corrupted altar of Lugonu.
   660 | D        | Found a viscous altar of Jiyva.
   683 | D        | Noticed Josephine
   703 | D        | Killed from afar by Josephine

Illustrated notes

Levels and vault maps discovered:
D:        dungeon_sprint_mu [sprint_mu_entry_cave, sprint_mu_temple_rooms,
          sprint_mu_d1_horrors, sprint_mu_d2_genie, sprint_mu_d3_branching,
          sprint_mu_orc_legion, sprint_mu_elf_gauntlet, sprint_mu_hive_nellie,
          sprint_mu_lair_fedhas, sprint_mu_vaults_butterflies,
          sprint_mu_slime_circle, sprint_mu_shoals_archi,
          sprint_mu_snake_twists, sprint_mu_blade_basic,
          sprint_mu_crypt_chambers, sprint_mu_tomb_spiral,
          sprint_mu_vestibule_basic, sprint_mu_gehenna_hellfire,
          sprint_mu_dis_giant, sprint_mu_tartarus_statrot,
          sprint_mu_cocytus_islands, sprint_mu_zot1]

Skill      XL: |  1  2  3  4  5  6  7  8 |
---------------+-------------------------+-----
Stealth        | 9 11 14 15 18 20 | 20.4
Fighting       | 2 3 4 |  4.9
Short Blades   | 3 4 5 |  5.8
Throwing       | 3 4 6 7 |  7.1
Dodging        | 2 3 5 6 |  6.0
Invocations    | 1 4 5 6 |  6.0

Action                   |  1- 3 |  4- 6 |  7- 9 || total
-------------------------+-------+-------+-------++-------
Melee: Dagger            |    33 |     7 |    22 ||    62
       Punch             |       |       |     1 ||     1
Throw: Dart              |     6 |     4 |    10 ||    20
Evoke: Lightning rod     |       |       |     2 ||     2
  Use: Potion            |       |       |     2 ||     2
 Stab: Sleeping          |     2 |     4 |     1 ||     7
Armor: Robe              |     2 |       |     1 ||     3
Dodge: Dodged            |    21 |       |    13 ||    34

Table legend: (Time is in decaauts)
 A = Elapsed time spent in this place.
 B = Non-inter-level travel time spent in this place.
 C = Inter-level travel time spent in this place.
 D = Time resting spent in this place.
 E = Time spent auto-exploring this place.
 F = Levels seen in this place.
 G = Mean time per level.
                   A        B        C        D        E       F      G
               +--------+--------+--------+--------+--------+-----+--------+
         Total |    581 |    581 |      0 |    285 |     36 |   1 |  581.0 |
       Dungeon |    581 |    581 |      0 |    285 |     36 |   1 |  581.0 |
               +--------+--------+--------+--------+--------+-----+--------+

Top non-repeatable levels by time:
       D: 581 daAuts
